 Dungeon Crawl Stone Soup version 0.23.2-1-ga50397a (webtiles) character file.

Game seed: 7293384178777222317

32 redwoodhats the Shooter (level 3, 0/42 HPs)
             Began as a Centaur Arcane Marksman on May 16, 2019.
             Slain by a jackal (2 damage)
             ... on level 2 of the Dungeon.
             The game lasted 00:04:07 (818 turns).

redwoodhats the Shooter (Centaur Arcane Marksman)    Turns: 818, Time: 00:04:07

Health: 0/42       AC: 21    Str: 13    XL:     3   Next: 8%
Magic:  3/4        EV:  1    Int: 12    God:
Gold:   102        SH:  0    Dex:  9    Spells: 3/4 levels left

rFire    . . .     SeeInvis .   p - +4 short sword (holy)
rCold    . . .     Gourm    .   (no shield)
rNeg     + + +     Faith    .   (armour currently unavailable)
rPois    +         Spirit   .   (helmet currently unavailable)
rElec    .         Reflect  .   (cloak currently unavailable)
rCorr    .         Harm     .   (gloves currently unavailable)
MR       .....     NoTele   +   (no barding)
Stlth    +.........             (no amulet)
HPRegen  0.14/turn              (no ring)
MPRegen  0.09/turn              (no ring)

@: tree-form
A: large
a: no special abilities


You were on level 2 of the Dungeon.
You were not hungry.
You were a tree.
You visited 1 branch of the dungeon, and saw 2 of its levels.

You collected 102 gold pieces.

Inventory:

Hand Weapons
 a - a +0 shortbow
 p - a +4 short sword of holy wrath (weapon)
Missiles
 d - 26 arrows
Armour
 e - a +0 robe (melded)
Scrolls
 g - 2 scrolls of teleportation {unknown}
 h - a scroll of remove curse {unknown}
 k - a scroll of blinking {unknown}
 m - 4 scrolls of fog {unknown}
 n - a scroll of identify {unknown}
 o - a scroll of immolation {unknown}
Potions
 c - a potion of heal wounds {unknown}
 i - a potion of might {unknown}
 j - a potion of cancellation {unknown}
 l - a potion of degeneration {unknown}
Comestibles
 f - 2 rations


   Skills:
 + Level 1.1 Fighting
 + Level 4.0 Bows
 + Level 1.4 Dodging
 + Level 0.1 Stealth
 + Level 1.2 Spellcasting
 + Level 3.0 Hexes


You had 3 spell levels left.
You knew the following spells:

 Your Spells              Type           Power        Failure   Level  Hunger
a - Corona                Hex            #......      9%          1    ##.....

Your spell library contained the following spells:

 Spells                   Type           Power        Failure   Level  Hunger
 Slow                     Hex            #.......     13%         2    ###....
 Inner Flame              Hex/Fire       #.......     43%         3    ####...
 Portal Projectile        Hex/Tloc       #.....       43%         3    ####...
 Cause Fear               Hex            #.........   65%         4    #####..
 Leda's Liquefaction      Hex/Erth       #.........   85%         4    #####..


Dungeon Overview and Level Annotations

Branches:
Dungeon (2/15)

Altars:


Innate Abilities, Weirdness & Mutations

((You have hooves in place of feet.))
((Armour fits poorly on your strangely shaped body.))
((You cover ground very quickly.))
((You have extremely tough skin. (AC +3)))


Message History

You closely miss the jackal. You kick the jackal.
You kill the jackal!
Your Bows skill increases to level 4!
The jackal bites you.
* * * LOW HITPOINT WARNING * * *
Sorry, you're not good enough to have a special ability.
You barely miss the jackal. Your kick misses the jackal. The jackal bites you.
* * * LOW HITPOINT WARNING * * *
You closely miss the jackal.
The jackal bites you but does no damage. x2
You hit the jackal. Your kick misses the jackal.
The jackal is severely wounded.
The jackal bites you but does no damage.
You hit the jackal.
You kill the jackal!
The jackal closely misses you.
It was a potion of lignification.
You turn into a tree.
Your +0 robe melds into your body.
Your roots penetrate the ground.
The jackal bites you.
You die... . .# #. .# #.###.# ...(.# ....# Kgh

#h# ######♣###..# #
#......((((.# #. #.
#.###...###...
#.###.###.###...#
#.................
#.#####.............
#........†...........
#.#####...........<..
#.#####...#.#...#....


You could see 2 jackals, a goblin and a kobold.

Vanquished Creatures
  A worm (D:2)
  A dart slug (D:1)
  A leopard gecko (D:1)
  A bat (D:2)
  A giant cockroach (D:1)
  2 goblins (D:1)
  4 hobgoblins
  2 jackals (D:2)
  3 frilled lizards
  5 kobolds
  4 rats
25 creatures vanquished.

Notes
Turn   | Place    | Note
-------+----------+-------------------------------------------
     0 | D:1      | redwoodhats the Centaur Arcane Marksman began the quest for
                  | the Orb.
     0 | D:1      | Reached XP level 1. HP: 16/16 MP: 2/2
    57 | D:1      | Reached skill level 3 in Bows
   162 | D:1      | Reached XP level 2. HP: 23/23 MP: 1/3
   807 | D:2      | Reached XP level 3. HP: 11/28 MP: 2/4
   813 | D:2      | Reached skill level 4 in Bows
   814 | D:2      | HP: 1/28 [jackal (2)]
   818 | D:2      | Slain by a jackal

Skill      XL: |  1  2  3 |
---------------+----------+-----
Bows           | 3 4 |  4.0
Hexes          | 3 |  3.0
Fighting       | |  1.1
Dodging        | |  1.4
Stealth        | |  0.1
Spellcasting   | |  1.2

Action                   || total
-------------------------++-------
Melee: Short sword       ||     9
       Kick              ||     1
 Fire: Shortbow          ||    61
 Cast: Corona            ||    14
  Use: Potion            ||     1
Armor: Robe              ||    16
Dodge: Dodged            ||    12
